 Dungeon Crawl Stone Soup version 0.30.0-18-gc0e69614cb (webtiles) character file.

Game seed: 6717460746859098639

480 monsoonserge the Chopper (level 6, 0/85 HPs)
             Began as a Minotaur Chaos Knight on May 25, 2023.
             Was a Plaything of Xom.
             Shot with an arrow by a centaur (4 damage)
             ... on level 5 of the Dungeon.
             The game lasted 00:08:12 (3336 turns).

monsoonserge the Chopper (Minotaur Chaos Knight)    Turns: 3336, Time: 00:08:13

Health: 0/85       AC: 15    Str: 19    XL:     6   Next: 86%
Magic:  5/5        EV:  6    Int:  7    God:    Xom [.*....]
Gold:   233        SH:  0    Dex:  9    Spells: 5/5 levels left

rFire   . . .        v - +3 hand axe
rCold   . . .        (no shield)
rNeg    . . .        u - +0 plate armour
rPois   +            (helmet restricted)
rElec   .            f - +0 cloak
rCorr   .            (no gloves)
SInv    .            (no boots)
Will    .....        (no amulet) Stlth
                     h - ring of poison resistance
HPRegen 0.34/turn    (no ring)
MPRegen 0.09/turn

%: no passive effects
@: berserking (expiring), very quick
A: horns 2, retaliatory headbutt, hooves 1, iridescent scales 1, dopey 1, wild
magic 1
a: Renounce Religion


You were on level 5 of the Dungeon.
You worshipped Xom.
You were a plaything of Xom.
You visited 1 branch of the dungeon, and saw 5 of its levels.

You collected 233 gold pieces.

Inventory:

Hand Weapons
 a - a +0 hand axe of chaos
 v - a +3 hand axe (weapon)
 w - a +1 spear of venom
Missiles
 i - 11 poisoned darts
 p - 3 boomerangs (quivered)
 C - 6 atropa-tipped darts
Armour
 b - a +2 leather armour
 f - a +0 cloak (worn)
 u - a +0 plate armour (worn)
Magical Staves
 r - a staff of air
 B - a staff of conjuration
Jewellery
 h - a ring of poison resistance (left hand)
Wands
 F - a wand of roots (5)
Scrolls
 d - 2 scrolls of identify {unknown}
 e - a scroll of blinking {unknown}
 g - a scroll of acquirement {unknown}
 j - 3 scrolls of magic mapping {unknown}
 k - 2 scrolls of fear {unknown}
 l - a scroll of fog {unknown}
 m - a scroll of immolation {unknown}
 y - 2 scrolls of silence {unknown}
 D - a scroll of enchant weapon {unknown}
 E - a scroll of amnesia {unknown}
 G - a scroll of teleportation {unknown}
Potions
 n - a potion of degeneration {unknown}
 o - 2 potions of mutation {unknown}
 q - 2 potions of berserk rage
 s - 2 potions of invisibility {unknown}
 t - 2 potions of might {unknown}
 x - a potion of attraction {unknown}
 z - a potion of heal wounds {unknown}
 A - 3 potions of brilliance {unknown}
Miscellaneous
 c - a piece from Xom's chessboard (15/15)


   Skills:
 + Level 5.6 Fighting
 + Level 6.3 Axes
 + Level 4.4 Armour
 + Level 2.2 Dodging
 + Level 1.7 Stealth
 + Level 0.5 Evocations


You had 5 spell levels left.
You didn't know any spells.
Your spell library contained the following spells:

 Spells                   Type           Power      Damage    Failure   Level
 Freeze                   Ice            0%         1d3       100%        1
 Frozen Ramparts          Ice            0%         1d1       100%        3
 Hailstorm                Conj/Ice       0%         3d3       100%        3


Dungeon Overview and Level Annotations

Branches:
Dungeon (5/15)             Temple (0/1) D:5

Altars:
Wu Jian
Yredelemnul


Innate Abilities, Weirdness & Mutations

You have a pair of horns on your head.
You reflexively headbutt those who attack you in melee.
You have large cloven feet.
You are partially covered in iridescent scales. (AC +2)
You are dopey. (Int -2)
Your spells are a little harder to cast, but a little more powerful.


Message History

The orc priest is severely wounded.
You completely miss something. You completely miss the hound.
You hit the scorpion.
You feel less confused. The hound closely misses you.
The scorpion stings you but does no damage.
The orc barely misses your butterfly. Something hits you but does no damage.
The hound bites you.
* * * LOW HITPOINT WARNING * * *
The scorpion stings you but does no damage.
Unknown command.
You slash the orc priest!
You kill the orc priest!
You hit the orc. You hit the scorpion. You miss something. You slash the hound!
The hound barely misses you. You furiously retaliate!
You headbutt the hound!
You kill the hound!
You hear some strange, mumbled words.
A magic dart appears from out of thin air!
The magic dart hits you!
* * * LOW HITPOINT WARNING * * *
The orc hits you with a +0 dagger.
* * * LOW HITPOINT WARNING * * *
Your Armour skill increases to level 4!
You barely miss the scorpion.
The scorpion is almost dead.
You hit the orc.
You kill the orc!
You slash something!
Reactivating autopickup.
You feel a bit more experienced.
A centaur comes into view.
The scorpion stings you but does no damage.
Your Axes skill increases to level 6!
You slash the scorpion!
You kill the scorpion!
Unknown command.
The centaur wields a +0 shortbow.
The centaur shoots an arrow.
The arrow hits you.
You die...
Xom guffaws!

.............#.......#
......###..#.'...>...+
......####)#.#.......#
....b.#......#.......#
###...b^....##########
# #.b.bb.......
..#.#.......b...#
........b)b...###
..##..)b@...c.##
.......†.).......
...#...#####..... .
##.. ##.. ##. # .. ..
...


You could see a centaur.

Vanquished Creatures
  A scorpion (D:5)
  A bullfrog zombie (D:4)
  A hound (D:5)
  A jelly (D:5)
  An orc priest (D:5)
  A scorpion zombie (D:4)
  An orc wizard (D:5)
  Natasha (thrice) (D:2)
  An iguana (D:5)
  7 gnolls
  An adder (D:3)
  A worm (D:4)
  A dart slug (D:2)
  4 orcs
  6 ball pythons
  4 endoplasms
  2 giant cockroaches
  3 goblins
  5 hobgoblins
  5 jackals
  6 quokkas
  A bat (D:3)
  4 frilled lizards
  9 kobolds
  4 rats
74 creatures vanquished.

Notes
Turn   | Place    | Note
-------+----------+-------------------------------------------
     0 | D:1      | monsoonserge the Minotaur Chaos Knight began the quest for
                  | the Orb.
     0 | D:1      | Reached XP level 1. HP: 19/19 MP: 0/0
   131 | D:1      | XOM: silly message
   436 | D:1      | Reached XP level 2. HP: 23/27 MP: 1/1
   471 | D:1      | Reached skill level 4 in Axes
   552 | D:1      | XOM: silly message
   882 | D:1      | XOM: noise
  1175 | D:2      | Reached XP level 3. HP: 29/33 MP: 2/2
  1259 | D:2      | XOM: draining
  1321 | D:2      | HP: 1/33 [gnoll/+0 spear (5)]
  1323 | D:2      | Reached XP level 4. HP: 2/41 MP: 3/3
  1487 | D:2      | Noticed Natasha
  1495 | D:2      | Killed Natasha
  1505 | D:2      | Noticed Natasha
  1513 | D:2      | Killed Natasha
  1514 | D:2      | Reached skill level 5 in Axes
  1564 | D:2      | Noticed Natasha
  1572 | D:2      | Killed Natasha
  1573 | D:2      | Reached skill level 1 in Stealth
  1573 | D:2      | Reached XP level 5. HP: 47/47 MP: 4/4
  1720 | D:3      | XOM: noise
  1765 | D:3      | Found a faded altar of an unknown god.
  2363 | D:3      | XOM: god gift: spear {god gift}
  2550 | D:3      | XOM: give mutations
  2550 | D:3      | Gained mutation: Your spells are a little harder to cast,
                  | but a little more powerful. [Xom's mischief]
  2550 | D:3      | Gained mutation: You have a somewhat thin skeletal
                  | structure. (Dex +2, Stealth+) [Xom's mischief]
  2656 | D:4      | Reached skill level 5 in Fighting
  2657 | D:4      | Found an ornate altar of the Wu Jian Council.
  2675 | D:4      | XOM: silly message
  2969 | D:4      | XOM: summons 2 hostile demons
  3146 | D:4      | XOM: give mutations
  3146 | D:4      | Gained mutation: You are partially covered in iridescent
                  | scales. (AC +2) [Xom's mischief]
  3146 | D:4      | Lost mutation: You have a somewhat thin skeletal structure.
                  | (Dex +2, Stealth+) [Xom's mischief]
  3146 | D:4      | Gained mutation: You are dopey. (Int -2) [Xom's mischief]
  3146 | D:4      | Gained mutation: You have large cloven feet. [Xom's
                  | mischief]
  3163 | D:4      | Reached XP level 6. HP: 47/56 MP: 5/5
  3163 | D:4      | Found a basalt altar of Yredelemnul.
  3305 | D:5      | Entered Level 5 of the Dungeon
  3311 | D:5      | Found a staircase to the Ecumenical Temple.
  3318 | D:5      | XOM: swap monsters
  3324 | D:5      | XOM: scenery: summon butterflies
  3333 | D:5      | HP: 4/84 [orc/+0 dagger (1)]
  3335 | D:5      | Reached skill level 6 in Axes
  3336 | D:5      | Shot with an arrow by a centaur

Illustrated notes

Levels and vault maps discovered:
D:1:      dreamdust_arrival_beginning_and_end, layout_loops_corners,
          minmay_misc_feat_diagonals
D:2:      layout_loops_ring, uniq_natasha
D:3:      layout_loops_corners, dreamdust_ecumenical_altar_angels_and_demons,
          minmay_surrounded
D:4:      layout_loops_ring, lemuel_zombie_altar_yredelemnul,
          general_overflow_altar
D:5:      layout_cave_pools, temple_green

Skill      XL: |  1  2  3  4  5  6 |
---------------+-------------------+-----
Fighting       | 4 5 |  5.6
Axes           | 4 5 6 |  6.3
Armour         | 3 4 |  4.4
Stealth        | 1 |  1.7
Dodging        | 2 |  2.2
Evocations     | |  0.5

Action                     |  1- 3 |  4- 6 || total
---------------------------+-------+-------++-------
  Melee: Hand axe          |    61 |   106 ||   167
         Headbutt          |     8 |    15 ||    23
         Kick              |       |     7 ||     7
         Punch             |       |     1 ||     1
  Evoke: Piece from Xom's  |       |     2 ||     2
    Use: Potion            |       |     1 ||     1
   Stab: Paralysed         |       |     4 ||     4
 Armour: Leather armour    |    21 |     7 ||    28
         Plate armour      |       |    64 ||    64
  Dodge: Dodged            |    17 |    46 ||    63
